 Dungeon Crawl Stone Soup version 0.31-a0-986-g5e6e4ef867 (webtiles) character file.

Game seed: 1296567020423697745

399 Arex the Shield-Bearer (level 6, -7/43 HPs)
             Began as an Octopode Fighter on Nov 7, 2023.
             Mangled by an ogre
             ... wielding a +0 giant club
              (32 damage)
             ... on level 5 of the Dungeon.
             The game lasted 00:05:08 (4570 turns).

Arex the Shield-Bearer (Octopode Fighter)           Turns: 4570, Time: 00:05:08

Health: -7/43      AC:  1    Str: 14 (15) XL:     6   Next: 84%
Magic:  6/6        EV: 13    Int:  9 (11) God:
Gold:   99         SH:  4    Dex: 10 (13) Spells: 5/5 levels left

rFire   . . .        v - +0 trident (flame)
rCold   + . .        a - +0 buckler
rNeg    . . .        (helmet restricted)
rPois   .            (no amulet)
rElec   .            e - ring of wizardry
rCorr   .            x - ring of protection from cold
SInv    .            (no ring)
Will    .....        (no ring)
Stlth   +++          (no ring)
HPRegen 0.27/turn    (no ring)
MPRegen 0.10/turn    (no ring)
                     (no ring)

%: wizardry (x1)
@: no status effects
A: almost no armour, amphibious, 8 rings, camouflage 1, gelatinous body 1,
(nimble swimmer 1), tentacles
a: no special abilities


You were on level 5 of the Dungeon.
You visited 1 branch of the dungeon, and saw 5 of its levels.

You collected 281 gold pieces.
You spent 182 gold pieces at shops.

Inventory:

Hand Weapons
 v - a +0 trident of flaming (weapon)
Missiles
 o - a throwing net
Armour
 a - a +0 buckler (worn)
Jewellery
 e - a ring of wizardry (left tentacle)
 x - a ring of protection from cold (right tentacle)
Wands
 m - a wand of flame (10)
 t - a wand of roots (18)
Scrolls
 d - a scroll of teleportation
 f - a scroll of fog
 k - a scroll of noise {unknown}
 l - a scroll of blinking
 p - a scroll of enchant armour {unknown}
 u - a scroll of revelation {unknown}
 w - a scroll of fear {unknown}
Potions
 b - a potion of might
 c - a potion of resistance {unknown}
 g - a potion of curing {unknown}
 h - a potion of brilliance {unknown}
 i - a potion of attraction {unknown}
 j - a potion of degeneration
 n - a potion of lignification
 q - a potion of heal wounds {unknown}
 r - 2 potions of haste {unknown}
 s - a potion of cancellation {unknown}


   Skills:
 + Level 4.2 Fighting
 + Level 1.0 Polearms
 + Level 4.3 Dodging
 - Level 3.2 Stealth
 + Level 4.3 Shields
 - Level 3.2 Unarmed Combat
 - Level 1.0 Evocations


You had 5 spell levels left.
You didn't know any spells.
Your spell library contained the following spells:

 Spells                   Type           Power      Damage    Failure   Level
 Kiss of Death            Conj/Necr      0%         2d5       21%         1
 Summon Small Mammal      Summ           0%         N/A       21%         1
 Blink                    Tloc           0%         N/A       32%         2
 Scorch                   Fire           0%         2d5       32%         2
 Call Canine Familiar     Summ           0%         N/A       52%         3
 Confusing Touch          Hex            0%         N/A       52%         3
 Summon Guardian Golem    Hex/Summ       0%         N/A       52%         3
 Dispel Undead            Necr           0%         3d6       88%         4
 Flame Wave               Conj/Fire      0%         2d4       88%         4
 Manifold Assault         Tloc           0%         N/A       88%         4
 Passage of Golubria      Tloc           0%         N/A       88%         4
 Silence                  Hex/Air        0%         N/A       99%         5
 Summon Cactus Giant      Summ           0%         N/A       100%        6
 Lehudib's Crystal Spear  Conj/Erth      0%         10d2      100%        8


Dungeon Overview and Level Annotations

Branches:
Dungeon (5/15)
 Temple: D:4-7

Altars:
Uskayaw

Shops:
D:1 [   D:4 (

Annotations:
D:3 1 runed translucent door, Crazy Yiuf


Innate Abilities, Weirdness & Mutations

You cannot wear most types of armour.
You are amphibious.
You can wear up to eight rings at the same time.
Your skin changes colour to match your surroundings (Stealth+).
Your rubbery body absorbs attacks. (AC +1, EV +1)
((You are camouflaged when in or above water. (Stealth+)))
You have tentacles for arms and can constrict up to eight enemies at once.


Message History

No target in view!
No target in view!
No target in view!
No target in view!
No target in view!
No target in view!
No target in view!
No target in view!
An ogre is nearby!
A gnoll comes into view. It is wielding a +0 halberd.
You reach to attack!
You barely miss the ogre.
The ogre shouts!
The gnoll shouts!
You hear a shout!
A gnoll comes into view. It is wielding a +0 spear.
You hear a shout!
You hit the ogre but do no damage. You squeeze the ogre.
The ogre is lightly wounded.
The ogre barely misses you.
You closely miss the ogre.
The ogre is lightly wounded.
The ogre barely misses you.
You hit the ogre. You burn the ogre. You squeeze the ogre!
The ogre is heavily wounded.
The gnoll closely misses you.
A jelly comes into view.
The ogre hits you with a +0 giant club!!
You are too injured to fight recklessly!
You are too injured to fight recklessly!
You are too injured to fight recklessly!
You are too injured to fight recklessly!
You are too injured to fight recklessly!
You are too injured to fight recklessly!
You are too injured to fight recklessly!
You are too injured to fight recklessly!
You are too injured to fight recklessly!
You are too injured to fight recklessly!
You barely miss the ogre.
The ogre is heavily wounded.
The ogre hits you with a +0 giant club!!
Ouch! That really hurt!
You die...

.#... ###.#.###.
.........
#...g.... #g# ##
#.## #. #.g# #...
#. ##O# #... #.
#@# #.. #.
#.###.###.######
#.
#..............#
#.
#####.##.......##
#<
#.##[##.....#####.
#.......##........
####.#####.#######
#.......#
#########


You could see an ogre and 2 gnolls.

Vanquished Creatures
  A phantom (D:4)
  A scorpion (D:4)
  An orc priest (D:4)
  A hound (D:5)
  Natasha (twice) (D:2)
  3 gnolls (D:2)
  4 adders
  2 worms
  2 dart slugs (D:2)
  4 orcs (D:4)
  5 ball pythons
  6 bats
  6 endoplasms
  A giant cockroach (D:3)
  4 goblins
  11 hobgoblins
  7 quokkas
  2 frilled lizards
  5 kobolds
  13 rats
  A spectral kobold (D:3)
82 creatures vanquished.

Notes
Turn   | Place    | Note
-------+----------+-------------------------------------------
     0 | D:1      | Arex the Octopode Fighter began the quest for the Orb.
     0 | D:1      | Reached XP level 1. HP: 16/16 MP: 1/1
   158 | D:1      | Reached XP level 2. HP: 7/21 MP: 2/2
   249 | D:1      | Found Suizior's Antique Armour Shoppe.
   805 | D:2      | Reached XP level 3. HP: 26/26 MP: 3/3
   830 | D:2      | Reached skill level 1 in Stealth
  1416 | D:2      | Reached XP level 4. HP: 31/31 MP: 4/4
  1453 | D:2      | Noticed Natasha
  1537 | D:2      | Killed Natasha
  1789 | D:2      | Noticed Natasha
  1797 | D:2      | Killed Natasha
  1798 | D:2      | Reached XP level 5. HP: 33/36 MP: 5/5
  2156 | D:3      | Found a faded altar of an unknown god.
  2717 | D:3      | Found a runed translucent door.
  2718 | D:3      | Noticed Crazy Yiuf
  3357 | D:4      | Found a hide-covered altar of Uskayaw.
  3406 | D:4      | Reached XP level 6. HP: 42/43 MP: 6/6
  3471 | D:4      | Reached skill level 1 in Evocations
  3560 | D:4      | Found Agoqi's Antique Weapon Boutique.
  3565 | D:4      | Bought a runed trident for 182 gold pieces
  4435 | D:5      | Entered Level 5 of the Dungeon
  4533 | D:5      | Reached skill level 1 in Polearms
  4570 | D:5      | Mangled by an ogre

Illustrated notes

Levels and vault maps discovered:
D:1:      dpeg_arrival_brainrot, layout_loops_ring, serial_shops,
          nicolae_shop_advertising_works [nicolae_subvault_shop_adworks]
D:2:      layout_loops_ring, minmay_misc_feat_cross, kennysheep_small_spiral,
          ebering_dispersal_statue_hall, minmay_rat_gold_closets, uniq_natasha
D:3:      layout_loops_corners, dreamdust_ecumenical_altar_drowned_temple,
          chequers_serial_rivers_small_b, minmay_fractal_squares_5,
          uniq_crazy_yiuf_cottage
D:4:      layout_basic, amcnicky_altar_gilded, serial_shops, shop
D:5:      layout_loops_cross, nicolae_tso_swordbearing_angel

Skill      XL: |  1  2  3  4  5  6 |
---------------+-------------------+-----
Stealth        | 1 2 3 |  3.2
Unarmed Combat | 3 |  3.2
Dodging        | 4 |  4.3
Shields        | 4 |  4.3
Fighting       | 4 |  4.2
Evocations     | 1 |  1.0
Polearms       | 1 |  1.0

Action                     |  1- 3 |  4- 6 || total
---------------------------+-------+-------++-------
  Melee: Unarmed           |    74 |    93 ||   167
         Constrict         |    21 |    25 ||    46
         Tentacles         |    19 |    31 ||    50
         Punch             |     2 |     2 ||     4
         Trident           |       |    31 ||    31
    Use: Scroll            |       |     3 ||     3
         Potion            |       |     3 ||     3
   Stab: Sleeping          |    12 |    12 ||    24
         Distracted        |       |     1 ||     1
 Armour: Skin              |    20 |    52 ||    72
  Dodge: Dodged            |    35 |    51 ||    86
  Block: Buckler           |    14 |    22 ||    36

Table legend: (Time is in decaauts)
 A = Elapsed time spent in this place.
 B = Non-inter-level travel time spent in this place.
 C = Inter-level travel time spent in this place.
 D = Time resting spent in this place.
 E = Time spent auto-exploring this place.
 F = Levels seen in this place.
 G = Mean time per level.
                   A        B        C        D        E       F      G
               +--------+--------+--------+--------+--------+-----+--------+
         Total |   4579 |   4472 |    107 |    438 |   3404 |   5 |  915.8 |
       Dungeon |   4579 |   4472 |    107 |    438 |   3404 |   5 |  915.8 |
               +--------+--------+--------+--------+--------+-----+--------+

Top non-repeatable levels by time:
     D:3: 1359 daAuts
     D:4: 1246 daAuts
     D:2: 1148 daAuts
     D:1: 772 daAuts
     D:5: 51 daAuts
